Description

Get 2-3 pylons every warp in

Build Order

Get SALT Encoding   

  12  0:00  Probe  
  14  0:13  Pylon  chrono nexus
  16  0:41  Gateway  
  17  0:50  Assimilator  
  20  1:16  Nexus  
  20  1:32  Cybernetics Core  
  21  1:33  Assimilator  
  22  1:40  Pylon  
  22  2:08  Adept (Chrono Boost)  stalker vs protoss
  23  2:09  Warp Gate  
  26  2:21  Robotics Bay  chrono nexus
  27  2:22  Shield Battery  at natural, get x2 vs protoss
  27  2:30  Stalker  
  37  3:00  Shield Battery  in main
  38  3:01  Sentry  
  38  3:09  Observer  
  44  3:34  Immortal  
  50  3:40  Twilight Council  
  50  3:41  Forge  
  52  3:54  Assimilator x2  
  58  4:13  Protoss Ground Weapons Level 1 (Chrono Boost), Charge (Chrono Boost)  
  60  4:35  Gateway x7, Templar Archives  
  62  5:08  Warp Prism  
Spawning Tool Build Advisor. Get it on Overwolf

Go to:

Details

  • Created by: ChannelMiner
  • Published on: Oct 08, 2024
  • Modified on: Oct 08, 2024
  • Patch: 5.0.11
  • Difficulty: Easy
Show
View Real Time Build Order
Export as new Build Order

Comments (0)

There are no comments. Be the first!

Create an account to comment!